[Event "Titled Tuesday Blitz May 24 Late 2022"]
[White "Winkels, Marcel"]
[Black "Griffith, Kyron"]
[WhiteFideId "1003887"]
[BlackFideId "2046318"]
[WhiteElo "1900"]
[BlackElo "2232"]
[Result "0-1"]
[Round "01"]
[TimeControl "180+1"]
[Date "2022.05.25"]
[WhiteClock "0:00:02"]
[BlackClock "0:00:09"]

1. e4 c5 2. Nc3 d6 3. f4 g6 4. Nf3 Bg7 5. Bc4 Nc6 6. O-O e6 7. f5 Nge7 8. fxe6 Bxe6 9. Bxe6 fxe6 10. Ng5 Qd7 11. d3 Bd4+ 12. Kh1 Ne5 13. Bf4 h6 14. Bxe5 Bxe5 15. Nf7 Bxc3 16. bxc3 Rh7 17. Qf3 Nc6 18. Nxh6 O-O-O 19. Ng4 Rdh8 20. h3 Rh4 21. Kg1 Qg7 22. Qf7 Qxc3 23. Qxe6+ Kb8 24. Qxd6+ Ka8 25. Rab1 Rb8 26. Rf7 Nb4 27. Rf8 Na6 28. Rxb8+ Nxb8 29. Qe7 Qd4+ 30. Kh2 Rxh3+ 31. Kxh3 b6 32. Ne5 Qe3+ 33. Nf3 Qh6+ 34. Kg3 g5 35. Qe5 Nc6 36. Qd5 Kb7 37. Rf1 Kc7 0-1


[Site "https://www.chess.com"]

[Event "Titled Tuesday Blitz May 24 Late 2022"]
[White "Yaksin, Oleg"]
[Black "Mangialardo, Tiago Carvalho"]
[WhiteFideId "24105880"]
[BlackFideId "2130718"]
[WhiteElo "2256"]
[BlackElo "2155"]
[Result "1-0"]
[Round "01"]
[TimeControl "180+1"]
[Date "2022.05.25"]
[WhiteClock "0:00:19"]
[BlackClock "0:00:01"]

1. d4 d5 2. c4 c6 3. Nf3 Nf6 4. Qb3 e6 5. Bg5 Be7 6. e3 O-O 7. Nc3 Nbd7 8. Bd3 Re8 9. O-O dxc4 10. Qxc4 Nb6 11. Qb3 Nfd5 12. Bxe7 Qxe7 13. Rad1 Nd7 14. Rfe1 Nxc3 15. bxc3 e5 16. e4 Kh8 17. h3 a5 18. dxe5 Nxe5 19. Nxe5 Qxe5 20. Qxf7 Be6 21. Qxb7 Qxc3 22. Bb1 Rab8 23. Qc7 Rb2 24. Qf4 Bxa2 25. Rc1 Qb3 26. Bxa2 Qxa2 27. Rxc6 a4 28. e5 Qd5 29. Ra6 a3 30. Rxa3 Qc5 31. Rf3 Qa5 32. Rfe3 h6 33. e6 Rb4 34. Qf7 Qd8 35. e7 Qb8 36. Rg3 Rg8 37. Rxg7 Rxg7 38. e8=Q+ 1-0


[Site "https://www.chess.com"]

[Event "Titled Tuesday Blitz May 24 Late 2022"]
[White "Yedidia, Daniel"]
[Black "Roque Sola, Jose Luis"]
[WhiteFideId "30905907"]
[BlackFideId "5120390"]
[WhiteElo "2575"]
[BlackElo "1983"]
[Result "1-0"]
[Round "01"]
[TimeControl "180+1"]
[Date "2022.05.25"]
[WhiteClock "0:00:07"]
[BlackClock "0:00:31"]

1. d4 Nf6 2. c4 e6 3. Nc3 Bb4 4. e3 Bxc3+ 5. bxc3 O-O 6. Bd3 c5 7. Ne2 d6 8. O-O Nc6 9. Ng3 b6 10. f4 Ba6 11. Qe2 Na5 12. e4 cxd4 13. cxd4 Rc8 14. e5 dxe5 15. dxe5 Ng4 16. Ba3 Re8 17. Bxh7+ Kxh7 18. Qxg4 Bxc4 19. Rfd1 Bd5 20. Nh5 g6 21. Nf6+ Kg7 22. Nxe8+ Qxe8 23. Qg5 Rc2 24. Qf6+ Kg8 25. Rxd5 exd5 26. Re1 Nc4 27. Be7 d4 28. e6 Ne3 29. Qxd4 Rxg2+ 30. Kh1 Qc6 31. exf7+ Kxf7 32. Qxe3 Rg3+ 33. Qe4 1-0


[Site "https://www.chess.com"]

[Event "Titled Tuesday Blitz May 24 Late 2022"]
[White "Yuan, Qingyu"]
[Black "Urbina Perez, Juan Antonio"]
[WhiteFideId "8609772"]
[BlackFideId "2217368"]
[WhiteElo "2359"]
[BlackElo "2192"]
[Result "1-0"]
[Round "01"]
[TimeControl "180+1"]
[Date "2022.05.24"]
[WhiteClock "0:02:04"]
[BlackClock "0:02:05"]

1. e4 c5 2. Nf3 d6 3. Bb5+ Bd7 4. c4 Nf6 5. Nc3 Nc6 6. O-O g6 7. Bxc6 Bxc6 8. d4 cxd4 9. Nxd4 Bg7 10. Qe2 O-O 11. Rd1 Nd7 12. b3 Qb6 13. Be3 Qa5 14. Rac1 Rac8 15. h3 a6 16. Nxc6 bxc6 17. Na4 c5 18. f4 Nb6 19. Bd2 1-0


[Site "https://www.chess.com"]

[Event "Titled Tuesday Blitz May 24 Late 2022"]
[White "Zherebtsova, Alexandra"]
[Black "Matinian, Nikita"]
[WhiteFideId "24129518"]
[BlackFideId "24129100"]
[WhiteElo "2025"]
[BlackElo "2422"]
[Result "0-1"]
[Round "01"]
[TimeControl "180+1"]
[Date "2022.05.25"]
[WhiteClock "0:00:09"]
[BlackClock "0:01:14"]

1. d4 Nf6 2. c4 g6 3. Nc3 Bg7 4. e4 O-O 5. Be2 d6 6. Be3 Na6 7. h3 e5 8. d5 Nc5 9. Qc2 c6 10. dxc6 bxc6 11. Rd1 Qe7 12. Nf3 Nh5 13. Qd2 Nf4 14. Bf1 f5 15. Qxd6 Qxd6 16. Rxd6 Nxe4 17. Nxe4 fxe4 18. Nd2 Nd3+ 19. Bxd3 exd3 20. Rxc6 Bb7 21. Rc7 Bxg2 22. Rh2 Bf3 23. Bc5 Rf4 24. Be3 Rf5 25. Rxa7 Rb8 26. b3 e4 27. a4 Bc3 28. h4 Rxb3 29. Kf1 Bxd2 30. Bxd2 Rb1+ 0-1


[Site "https://www.chess.com"]

[Event "Titled Tuesday Blitz May 24 Late 2022"]
[White "Abdrlauf, Elham"]
[Black "Griffith, Kyron"]
[WhiteFideId "1533533"]
[BlackFideId "2046318"]
[WhiteElo "2371"]
[BlackElo "2232"]
[Result "0-1"]
[Round "02"]
[TimeControl "180+1"]
[Date "2022.05.24"]
[WhiteClock "0:00:25"]
[BlackClock "0:00:21"]

1. e4 d5 2. exd5 Qxd5 3. Nc3 Qd6 4. d4 Nf6 5. Nf3 a6 6. Bc4 b5 7. Bb3 e6 8. O-O Bb7 9. Re1 Be7 10. Bg5 Nbd7 11. Qe2 O-O 12. Rad1 Rfe8 13. a3 h6 14. Bh4 Rad8 15. Bg3 Qb6 16. Ne5 Nxe5 17. dxe5 Qc6 18. f3 Nd5 19. Nxd5 exd5 20. c3 Qe6 21. Bc2 c5 22. f4 d4 23. cxd4 cxd4 24. f5 Qd5 25. Be4 Qxe4 26. Qxe4 Bxe4 27. Rxe4 d3 28. Bf4 Bc5+ 29. Kf1 Rd5 30. g4 Bd6 31. Kf2 Bxe5 32. Bxe5 Rexe5 33. Rxe5 Rxe5 34. Rxd3 Rc5 35. Ke3 Rc2 36. h3 Rxb2 37. Kf4 a5 38. Rd8+ Kh7 39. Rd7 f6 40. Ra7 a4 41. Rb7 b4 42. axb4 a3 43. Kg3 a2 44. Ra7 Rxb4 45. Rxa2 Rb3+ 46. Kh4 Rb4 47. Kh5 Rb3 48. h4 Rb1 49. Ra7 Rg1 50. Rb7 Rg2 51. Rb6 Rg1 52. Rc6 Rg2 53. Rc5 Rg1 54. Rc2 Rg3 55. Rc1 Rg2 56. Ra1 Rg3 57. Ra2 Rg1 58. Ra3 Rg2 59. Rf3 Rg1 60. Rf2 Rg3 61. Rc2 Rg1 62. Rc4 Rg2 63. Rc7 Rg1 64. Rb7 Rg2 65. Ra7 Rg1 66. Ra6 Rg2 67. Ra1 Rg3 68. Rh1 Rg2 69. Rd1 Rc2 70. Rg1 Rc5 71. Rf1 g6# 0-1


[Site "https://www.chess.com"]

[Event "Titled Tuesday Blitz May 24 Late 2022"]
[White "Andreikin, Dmitry"]
[Black "Korchmar, Vasiliy"]
[WhiteFideId "4158814"]
[BlackFideId "24131750"]
[WhiteElo "2736"]
[BlackElo "2370"]
[Result "1-0"]
[Round "02"]
[TimeControl "180+1"]
[Date "2022.05.24"]
[WhiteClock "0:01:58"]
[BlackClock "0:00:18"]

1. d4 d5 2. c4 c6 3. Nf3 Nf6 4. Qc2 Bg4 5. Ne5 Bh5 6. cxd5 cxd5 7. Nc3 Nbd7 8. Bg5 e6 9. e4 a6 10. g4 Bg6 11. Nxg6 hxg6 12. e5 Rc8 13. exf6 gxf6 14. Be3 Bb4 15. Qb3 Qa5 16. Rc1 e5 17. Bg2 Rc4 18. O-O exd4 19. Nxd5 1-0


[Site "https://www.chess.com"]

[Event "Titled Tuesday Blitz May 24 Late 2022"]
[White "Ansh M Shah"]
[Black "Richter, Nils"]
[WhiteFideId "25033379"]
[BlackFideId "12990809"]
[WhiteElo "1819"]
[BlackElo "2243"]
[Result "1-0"]
[Round "02"]
[TimeControl "180+1"]
[Date "2022.05.25"]
[WhiteClock "0:00:28"]
[BlackClock "0:00:05"]

1. d4 d5 2. c4 e6 3. Nf3 c6 4. g3 dxc4 5. Bg2 b5 6. O-O Nf6 7. a4 Bb7 8. Ne5 a6 9. b3 cxb3 10. Qxb3 Qxd4 11. Bb2 Qb6 12. Nc3 b4 13. a5 Qc7 14. Na4 Nbd7 15. Nc4 Be7 16. Nab6 Rd8 17. Nxd7 Rxd7 18. Be5 Qd8 19. Nb6 Rd2 20. Bf4 Rd4 21. e3 Rd3 22. Qc4 O-O 23. Bxc6 Bxc6 24. Qxc6 h5 25. h4 Ng4 26. Qc4 e5 27. Bg5 Rc3 28. Bxe7 Qxe7 29. Qxa6 Qf6 30. Qe2 e4 31. Nd5 Qe5 32. Nxc3 bxc3 33. a6 Ra8 34. a7 Qc5 35. Rfc1 Rxa7 36. Rxa7 Qxa7 37. Qc2 Qe7 38. Qxc3 g6 39. Qd4 Qb7 40. Rc4 Qb1+ 41. Kg2 Qe1 42. Rc8+ Kh7 43. Qh8# 1-0


[Site "https://www.chess.com"]

[Event "Titled Tuesday Blitz May 24 Late 2022"]
[White "Antipov, Mikhail Al."]
[Black "Jia, Haoxiang"]
[WhiteFideId "4107012"]
[BlackFideId "8602999"]
[WhiteElo "2512"]
[BlackElo "2611"]
[Result "1-0"]
[Round "02"]
[TimeControl "180+1"]
[Date "2022.05.24"]
[WhiteClock "0:02:25"]
[BlackClock "0:01:44"]

1. e4 c5 2. Nf3 d6 3. d4 cxd4 4. Nxd4 Nf6 5. f3 e6 6. c4 Be7 7. Nc3 a6 8. Be3 Qc7 9. Rc1 Nbd7 10. g4 h6 11. Kd2 b6 12. Kc2 d5 13. cxd5 exd5 14. Kb1 dxe4 15. Ncb5 Qxc1+ 16. Qxc1 axb5 17. Nf5 Bf8 18. Bxb5 g6 19. Qc6 1-0


[Site "https://www.chess.com"]

[Event "Titled Tuesday Blitz May 24 Late 2022"]
[White "Antonio, Jorge Carlos"]
[Black "Gurevich, Dmitry"]
[WhiteFideId "113190"]
[BlackFideId "2000407"]
[WhiteElo "2247"]
[BlackElo "2506"]
[Result "0-1"]
[Round "02"]
[TimeControl "180+1"]
[Date "2022.05.25"]
[WhiteClock "0:00:04"]
[BlackClock "0:00:13"]

1. d4 Nf6 2. Nf3 e6 3. Bf4 b6 4. e3 Bb7 5. c3 c5 6. Bd3 cxd4 7. exd4 Be7 8. Nbd2 O-O 9. O-O d6 10. Re1 a6 11. Ne4 Nxe4 12. Bxe4 Bxe4 13. Rxe4 Nd7 14. Re1 Nf6 15. Bg5 Qc8 16. Bxf6 Bxf6 17. Qe2 b5 18. a3 Qc4 19. h3 Qxe2 20. Rxe2 d5 21. Ne5 Rfc8 22. Nd7 Bd8 23. Nc5 a5 24. Ree1 b4 25. axb4 axb4 26. Rxa8 Rxa8 27. cxb4 g6 28. Kf1 Bg5 29. g3 Bd2 30. Rb1 Bxb4 31. Ke2 Kf8 32. Nd3 Rb8 33. Ne5 Rb7 34. Nd3 Ke7 35. Nc5 Rb5 36. Nd3 Kd6 37. Nxb4 Rxb4 38. Kd3 Rb3+ 39. Kc2 Rf3 40. Rf1 g5 41. b4 Kc6 42. h4 g4 43. Kd2 Kb5 44. Ke2 Kxb4 45. Rb1+ Kc4 46. Rb8 Kxd4 47. Rh8 Ke4 48. Rxh7 d4 49. Rg7 d3+ 50. Ke1 f5 51. Rd7 f4 52. h5 fxg3 53. fxg3 Rxg3 54. h6 Rh3 55. Kf2 Rxh6 56. Kg3 Rf6 57. Kxg4 Ke3 58. Kg3 Rg6+ 59. Kh2 e5 0-1


[Site "https://www.chess.com"]

[Event "Titled Tuesday Blitz May 24 Late 2022"]
[White "Arnold, Ken"]
[Black "Pesotskiy, Mikhail"]
[WhiteFideId "2056836"]
[BlackFideId "34164453"]
[WhiteElo "2299"]
[BlackElo "2010"]
[Result "0-1"]
[Round "02"]
[TimeControl "180+1"]
[Date "2022.05.25"]
[WhiteClock "0:00:19"]
[BlackClock "0:00:47"]

1. d4 Nf6 2. c4 e5 3. dxe5 Ng4 4. Nf3 Bc5 5. e3 Nc6 6. Nc3 Ngxe5 7. Be2 O-O 8. a3 a5 9. O-O Nxf3+ 10. Bxf3 Ne5 11. b3 Ra6 12. Bb2 Rg6 13. Nd5 Nxf3+ 14. Qxf3 d6 15. b4 Ba7 16. Nf4 Rh6 17. Qg3 f6 18. h3 Bf5 19. Rfd1 Qe7 20. Rd5 Be6 21. Rxa5 Bb6 22. Nd5 Bxd5 23. Rxd5 Qe4 24. Rc1 Rg6 25. Qh2 f5 26. Bd4 f4 27. Bxb6 f3 28. Rd4 Qc6 29. Rg4 Rxg4 30. hxg4 Qxb6 31. gxf3 Qa6 32. Rc3 Qa4 33. Kg2 Qd1 34. Qg3 Qd2 35. Rb3 Qc2 0-1


[Site "https://www.chess.com"]

[Event "Titled Tuesday Blitz May 24 Late 2022"]
[White "Bagrationi, Alexander"]
[Black "Maghsoodloo, Parham"]
[WhiteFideId "14104954"]
[BlackFideId "12539929"]
[WhiteElo "2502"]
[BlackElo "2630"]
[Result "0-1"]
[Round "02"]
[TimeControl "180+1"]
[Date "2022.05.24"]
[WhiteClock "0:01:17"]
[BlackClock "0:01:43"]

1. d4 Nf6 2. c4 e6 3. Nc3 Bb4 4. e3 O-O 5. Ne2 d5 6. a3 Be7 7. cxd5 Nxd5 8. Nxd5 exd5 9. Nf4 c6 10. Bd3 Nd7 11. O-O Nf6 12. b4 a6 13. Bd2 Bd6 14. Qb1 Re8 15. a4 Ne4 16. Bc1 Qh4 17. g3 Qh6 18. f3 Ng5 19. e4 Bxf4 20. gxf4 Nh3+ 21. Kh1 Nxf4 22. exd5 Qh4 23. Bxf4 Qxf4 24. Bxh7+ Kh8 25. dxc6 Re2 0-1


[Site "https://www.chess.com"]

[Event "Titled Tuesday Blitz May 24 Late 2022"]
[White "Bernal Moro, Luis Javier"]
[Black "Sjugirov, Sanan"]
[WhiteFideId "2200236"]
[BlackFideId "4189302"]
[WhiteElo "2373"]
[BlackElo "2602"]
[Result "0-1"]
[Round "02"]
[TimeControl "180+1"]
[Date "2022.05.25"]
[WhiteClock "0:00:08"]
[BlackClock "0:01:26"]

1. c4 c5 2. Nf3 Nf6 3. Nc3 e6 4. e4 Nc6 5. d4 cxd4 6. Nxd4 Bb4 7. Nxc6 bxc6 8. Bd3 e5 9. O-O O-O 10. h3 h6 11. Na4 Re8 12. c5 d5 13. cxd6 Bxd6 14. Be3 Be6 15. b3 Qe7 16. Rc1 Rac8 17. Qe2 Red8 18. Nc5 Bxc5 19. Bxc5 Qc7 20. Ba6 Rb8 21. Rfd1 Rxd1+ 22. Rxd1 Qa5 23. b4 Qxa2 24. Qxa2 Bxa2 25. f3 Be6 26. Rd6 Bd7 27. g4 Be8 28. Bxa7 Ra8 0-1


[Site "https://www.chess.com"]

[Event "Titled Tuesday Blitz May 24 Late 2022"]
[White "Bibasa, Bob"]
[Black "Sailer, Mike"]
[WhiteFideId "10000240"]
[BlackFideId "2012901"]
[WhiteElo "2032"]
[BlackElo "2109"]
[Result "1-0"]
[Round "02"]
[TimeControl "180+1"]
[Date "2022.05.25"]
[WhiteClock "0:00:20"]
[BlackClock "0:00:10"]

1. e4 d5 2. exd5 Qxd5 3. Nc3 Qd6 4. d4 Nf6 5. Nf3 c6 6. Be3 Bg4 7. Be2 e6 8. O-O Be7 9. h3 Bh5 10. Qd2 O-O 11. Rad1 Nbd7 12. Bf4 Qb4 13. Ne5 Bxe2 14. Nxe2 Qxd2 15. Rxd2 Nxe5 16. Bxe5 Rfd8 17. Rfd1 Rd7 18. c3 Rad8 19. Ng3 Nd5 20. Ne4 f6 21. Bg3 f5 22. Nc5 Bxc5 23. dxc5 Nf6 24. Bd6 Ne4 25. Rd4 Nxd6 26. cxd6 e5 27. R4d2 Kf7 28. c4 c5 29. Rd5 Ke6 30. Re1 e4 31. f3 Rxd6 32. fxe4 Rxd5 33. exd5+ Kd7 34. Re5 Rf8 35. Kf2 Rf6 36. Kf3 g5 37. g3 b6 38. h4 h6 39. b3 Kd8 40. a3 Kd7 41. b4 Kd8 42. bxc5 bxc5 43. hxg5 hxg5 44. Re2 Ra6 45. Re3 Kd7 46. Rb3 Rb6 47. Re3 Ra6 48. g4 f4 49. Rd3 Kd6 50. Ke4 Ra4 51. Kf5 Rxc4 52. Kxg5 Rd4 53. Rxd4 cxd4 54. Kxf4 Kxd5 55. g5 d3 56. Ke3 Ke5 57. Kxd3 Kf5 58. Kc4 Kxg5 59. Kb5 Kf6 60. Ka6 Ke7 61. Kxa7 Kd6 62. Kb6 Kd7 63. Kb7 Kd6 64. a4 Kc5 65. a5 Kb5 66. a6 1-0


[Site "https://www.chess.com"]

[Event "Titled Tuesday Blitz May 24 Late 2022"]
[White "Bluebaum, Matthias"]
[Black "Tisaj, Domen"]
[WhiteFideId "24651516"]
[BlackFideId "14628708"]
[WhiteElo "2556"]
[BlackElo "2326"]
[Result "1-0"]
[Round "02"]
[TimeControl "180+1"]
[Date "2022.05.25"]
[WhiteClock "0:00:56"]
[BlackClock "0:00:19"]

1. d4 d5 2. Nf3 Nf6 3. Bf4 c5 4. e3 cxd4 5. exd4 Nc6 6. Nbd2 g6 7. c3 Bg7 8. h3 O-O 9. Bb5 Bd7 10. O-O a6 11. Ba4 b5 12. Bb3 Na5 13. Bc2 Rc8 14. b4 Nb7 15. Nb1 Nd6 16. Ne5 Bf5 17. Re1 Nfe4 18. Re3 f6 19. Nd3 Nxc3 20. Nxc3 Rxc3 21. Bb3 Nc4 22. Bxc4 dxc4 23. Nc5 Rxe3 24. Bxe3 Qd6 25. a4 Bc8 26. axb5 axb5 27. Ra8 Qc6 28. Ra7 Qd6 29. Qf3 e5 30. dxe5 fxe5 31. Qe4 c3 32. Kh2 Qd1 33. Rxg7+ Kxg7 34. Qxe5+ Kg8 35. Bd4 Kf7 36. Ne4 1-0


[Site "https://www.chess.com"]

[Event "Titled Tuesday Blitz May 24 Late 2022"]
[White "Boder, Jan"]
[Black "Ivanisevic, Ivan"]
[WhiteFideId "16243226"]
[BlackFideId "912417"]
[WhiteElo "2064"]
[BlackElo "2495"]
[Result "0-1"]
[Round "02"]
[TimeControl "180+1"]
[Date "2022.05.25"]
[WhiteClock "0:00:01"]
[BlackClock "0:01:20"]

1. c4 e5 2. g3 Nc6 3. Bg2 f5 4. Nc3 Nf6 5. d3 Bb4 6. Bd2 O-O 7. e3 Bxc3 8. Bxc3 d5 9. Ne2 Be6 10. cxd5 Nxd5 11. O-O Qd7 12. d4 f4 13. exf4 exf4 14. Bxd5 Bxd5 15. Nxf4 Rxf4 16. gxf4 Qh3 17. f3 Rf8 18. Qd2 Rf6 19. Qf2 Rg6+ 20. Kh1 Ne7 21. Rae1 Nf5 22. Re5 Ng3+ 0-1


[Site "https://www.chess.com"]

[Event "Titled Tuesday Blitz May 24 Late 2022"]
[White "Bortnyk, Olexandr"]
[Black "Shuvalova, Polina"]
[WhiteFideId "14120828"]
[BlackFideId "24171760"]
[WhiteElo "2723"]
[BlackElo "2355"]
[Result "1-0"]
[Round "02"]
[TimeControl "180+1"]
[Date "2022.05.24"]
[WhiteClock "0:02:19"]
[BlackClock "0:01:10"]

1. d4 Nf6 2. Nc3 d5 3. Bf4 e6 4. Nb5 Na6 5. e3 Be7 6. Nf3 O-O 7. Ne5 c6 8. Nc3 Nb8 9. Bd3 c5 10. Qf3 Nc6 11. dxc5 Bxc5 12. O-O-O Qe7 13. Qh3 Nb4 14. Be2 Bd7 15. Bg5 h6 16. Bxf6 gxf6 17. Nxd7 Qxd7 18. a3 Nc6 19. Nxd5 Qd8 20. Qxh6 exd5 21. Bd3 f5 22. Bxf5 1-0


[Site "https://www.chess.com"]

[Event "Titled Tuesday Blitz May 24 Late 2022"]
[White "Cabarkapa, Novak"]
[Black "Wachinger, Guenther"]
[WhiteFideId "943746"]
[BlackFideId "4604261"]
[WhiteElo "2454"]
[BlackElo "2212"]
[Result "1-0"]
[Round "02"]
[TimeControl "180+1"]
[Date "2022.05.25"]
[WhiteClock "0:00:12"]
[BlackClock "0:00:09"]

1. h4 e5 2. h5 d5 3. c3 Nc6 4. d4 e4 5. Bf4 Bd6 6. Qc1 h6 7. Na3 a6 8. Nc2 Qf6 9. g3 Bg4 10. Bxd6 Qxd6 11. Ne3 Nf6 12. Nxg4 Nxg4 13. Rh4 f5 14. e3 O-O 15. Nh3 Nd8 16. Be2 Nf6 17. Nf4 Ne6 18. Ng6 Rfe8 19. Qd2 Nf8 20. Nf4 Ne6 21. O-O-O a5 22. Kb1 c6 23. Rg1 b5 24. Ng6 b4 25. c4 dxc4 26. Bxc4 Nd5 27. g4 Ng5 28. gxf5 Nf3 29. Qd1 Nxh4 30. Nxh4 Kh7 31. Rg6 Nf6 32. Qg1 Ra7 33. Ng2 c5 34. Nf4 cxd4 35. Ne6 Rxe6 36. fxe6 Qe5 37. exd4 Qxh5 38. Rxf6 gxf6 39. d5 Qe5 40. f4 exf3 41. Qxa7+ Kg6 42. Qg1+ Kf5 43. Bd3+ Kf4 44. Qh2+ Ke3 45. Qxe5+ fxe5 46. Ba6 Kd2 47. e7 1-0


[Site "https://www.chess.com"]

[Event "Titled Tuesday Blitz May 24 Late 2022"]
[White "Can, Melih Kaan"]
[Black "Torres Hernandez, Leslie Carolin"]
[WhiteFideId "6317383"]
[BlackFideId "8400504"]
[WhiteElo "2049"]
[BlackElo "1920"]
[Result "1-0"]
[Round "02"]
[TimeControl "180+1"]
[Date "2022.05.25"]
[WhiteClock "0:02:15"]
[BlackClock "0:01:30"]

1. e4 c5 2. Nf3 d6 3. c3 Nf6 4. h3 Nc6 5. d4 cxd4 6. cxd4 e5 7. Nc3 exd4 8. Nxd4 d5 9. Bb5 Bd7 10. exd5 Nxd4 11. Bxd7+ Qxd7 12. Qxd4 O-O-O 13. Qxa7 Re8+ 14. Be3 Nxd5 15. Nxd5 Qxd5 16. Rc1+ Kd7 17. Rd1 Bb4+ 18. Ke2 1-0


[Site "https://www.chess.com"]

[Event "Titled Tuesday Blitz May 24 Late 2022"]
[White "Carrasco Miranda, Andres"]
[Black "Malka, Samuel"]
[WhiteFideId "3405990"]
[BlackFideId "20643675"]
[WhiteElo "2177"]
[BlackElo "2502"]
[Result "1-0"]
[Round "02"]
[TimeControl "180+1"]
[Date "2022.05.25"]
[WhiteClock "0:00:21"]
[BlackClock "0:00:05"]

1. d4 Nf6 2. c4 g6 3. g3 Bg7 4. Bg2 O-O 5. Nc3 c5 6. Nf3 d6 7. O-O Nc6 8. dxc5 dxc5 9. Be3 b6 10. Qxd8 Nxd8 11. Rfd1 Bb7 12. Ne5 Bxg2 13. Kxg2 Ne6 14. Nc6 Rfe8 15. Nd5 Nxd5 16. cxd5 Nc7 17. Rab1 Nb5 18. a4 Nd6 19. Bf4 h6 20. h4 a6 21. f3 b5 22. b3 c4 23. Bxd6 exd6 24. bxc4 bxc4 25. Kf1 Re3 26. Rbc1 c3 27. Rd3 Rae8 28. Kf2 Rxd3 29. exd3 f5 30. d4 f4 31. gxf4 Rf8 32. Kg3 h5 33. Rxc3 Bh6 34. f5 gxf5 35. Rb3 f4+ 36. Kh3 Re8 37. Rb8 Kf7 38. Rxe8 Kxe8 39. Nb8 a5 40. Nc6 Bg7 41. Nxa5 Bxd4 42. Nc4 Bc5 43. Kg2 Kd7 44. Kf1 Bd4 45. a5 Bf6 46. a6 Kc7 47. Nxd6 Bxh4 48. a7 Kxd6 49. a8=Q 1-0


[Site "https://www.chess.com"]

[Event "Titled Tuesday Blitz May 24 Late 2022"]
[White "Csonka, Balazs"]
[Black "Mickiewicz, Piotr"]
[WhiteFideId "742910"]
[BlackFideId "1114891"]
[WhiteElo "2404"]
[BlackElo "2223"]
[Result "1-0"]
[Round "02"]
[TimeControl "180+1"]
[Date "2022.05.25"]
[WhiteClock "0:00:04"]
[BlackClock "0:00:12"]

1. e4 c5 2. Nf3 d6 3. Bb5+ Bd7 4. a4 Nc6 5. O-O Nf6 6. Re1 e6 7. c3 Be7 8. d4 cxd4 9. cxd4 d5 10. e5 Ne4 11. Nc3 Nxc3 12. bxc3 O-O 13. Bd3 f5 14. exf6 Bxf6 15. Ba3 Rf7 16. Qb1 g6 17. Bd6 b6 18. Bg3 Bg7 19. h4 Bh6 20. Bxg6 hxg6 21. Qxg6+ Bg7 22. Ng5 Rf6 23. Qh7+ Kf8 24. Bd6+ Ne7 25. Qh5 Kg8 26. Qh7+ Kf8 27. Be5 Ng8 28. Qh5 Be8 29. Nh7+ Ke7 30. Bxf6+ Nxf6 31. Qf5 Qd6 32. Ng5 Bf7 33. Nxf7 Kxf7 34. Qf3 Rh8 35. g3 Rh5 36. Re3 Rf5 37. Qe2 Ne4 38. Rf1 Bh6 39. Rf3 Kg6 40. Rxf5 exf5 41. c4 dxc4 42. Qxc4 Qxd4 43. Qxd4 Nxg3 44. fxg3 Be3+ 45. Qxe3 1-0


[Site "https://www.chess.com"]

[Event "Titled Tuesday Blitz May 24 Late 2022"]
[White "Darini, Pouria"]
[Black "Gschnitzer, Adrian"]
[WhiteFideId "12502200"]
[BlackFideId "1270337"]
[WhiteElo "2483"]
[BlackElo "2294"]
[Result "1-0"]
[Round "02"]
[TimeControl "180+1"]
[Date "2022.05.25"]
[WhiteClock "0:00:08"]
[BlackClock "0:00:07"]

1. e4 e5 2. Nf3 Nc6 3. Bb5 a6 4. Ba4 Nf6 5. O-O Be7 6. d3 b5 7. Bb3 d6 8. a3 O-O 9. Nc3 Na5 10. Ba2 c5 11. b4 Nc6 12. Nd5 Be6 13. Nxf6+ Bxf6 14. Bxe6 fxe6 15. c3 Ra7 16. Be3 Qb6 17. a4 Raf7 18. axb5 axb5 19. Qb3 Re8 20. Rfb1 Rb7 21. h3 h6 22. Ra2 Ra7 23. Rab2 Rb7 24. bxc5 dxc5 25. Qxb5 Qxb5 26. Rxb5 Rxb5 27. Rxb5 c4 28. Rc5 Rc8 29. Rxc4 Kf7 30. Nd2 Ke7 31. Nb3 Kd7 32. Nc5+ Kd6 33. Nb7+ Kd7 34. Nc5+ Kd6 35. Ra4 Bg5 36. Bxg5 Kxc5 37. Be3+ Kb5 38. Rc4 Ka6 39. h4 Kb7 40. Ra4 Rd8 41. d4 exd4 42. cxd4 Ne7 43. d5 Nc8 44. dxe6 Re8 45. h5 Rxe6 46. f3 Re5 47. g4 Rb5 48. Kf2 Kc6 49. Rc4+ Kd7 50. Bd4 Rg5 51. Rb4 Nd6 52. e5 Nf7 53. Rb7+ Ke6 54. Rb5 g6 55. hxg6 Nh8 56. Rb6+ Kd5 57. Rd6+ Kc4 58. Be3 Rxg6 59. Rxg6 Nxg6 60. f4 Kd3 61. Bc1 Ke4 62. Kg3 Ne7 63. Bb2 Ng6 64. Bc1 Ne7 65. e6 Kd5 66. f5 h5 67. gxh5 Nxf5+ 68. Kg4 Kxe6 69. Kg5 Ne7 70. Ba3 Ng8 71. Kg6 Nf6 72. h6 Nd5 73. h7 Nf4+ 74. Kh6 Kf5 75. h8=Q Ng6 76. Qh7 Kg4 77. Qxg6+ Kh3 78. Qg5 Kh2 79. Kg6 Kh1 80. Kf5 Kh2 81. Kf4 Kh1 82. Kf3 Kh2 83. Qg2# 1-0


[Site "https://www.chess.com"]

[Event "Titled Tuesday Blitz May 24 Late 2022"]
[White "Deviprasath, Sharvesh"]
[Black "Mahdavi, Reza"]
[WhiteFideId "30938228"]
[BlackFideId "12595926"]
[WhiteElo "2102"]
[BlackElo "2253"]
[Result "1-0"]
[Round "02"]
[TimeControl "180+1"]
[Date "2022.05.25"]
[WhiteClock "0:01:34"]
[BlackClock "0:00:56"]

1. d4 g6 2. Nc3 d5 3. Bf4 Nf6 4. Nf3 Bg7 5. Qd2 O-O 6. h4 c5 7. e3 Nc6 8. h5 Nxh5 9. Rxh5 gxh5 10. Bd3 cxd4 11. exd4 Bg4 12. O-O-O Rc8 13. Rh1 Qd7 14. Bh6 Qd6 15. Bf4 Qd7 16. Bh6 Bf5 17. Qg5 Bg6 18. Bxg7 Kxg7 19. Rxh5 f6 20. Rxh7+ 1-0


[Site "https://www.chess.com"]

[Event "Titled Tuesday Blitz May 24 Late 2022"]
[White "Djokic, Mihailo"]
[Black "Martinez Alcantara, Jose Eduardo"]
[WhiteFideId "976440"]
[BlackFideId "3805662"]
[WhiteElo "2202"]
[BlackElo "2690"]
[Result "0-1"]
[Round "02"]
[TimeControl "180+1"]
[Date "2022.05.24"]
[WhiteClock "0:00:01"]
[BlackClock "0:00:09"]

1. e4 c5 2. Nf3 d6 3. d4 cxd4 4. Nxd4 Nf6 5. Nc3 a6 6. Rg1 h5 7. h3 h4 8. Bg5 e6 9. Nf3 Qb6 10. Rb1 Be7 11. Bxh4 Nbd7 12. Bg3 Qc7 13. Bd3 b5 14. a3 Bb7 15. Qe2 Rc8 16. Rd1 Qa5 17. Kf1 e5 18. Nd2 Qb6 19. f3 Nh5 20. Bf2 Qc7 21. Nb3 Nf4 22. Qd2 Nf8 23. h4 N8e6 24. Rh1 g5 25. g3 Nxd3 26. Qxd3 gxh4 27. Nd5 Qxc2 28. Nxe7 Qxd3+ 29. Rxd3 Kxe7 30. gxh4 f5 31. exf5 Nf4 32. Rd2 Bd5 33. Na5 Rc1+ 34. Be1 Bxf3 35. Rhh2 Rg8 36. Nb3 Rc4 37. h5 Nxh5 38. Bh4+ Kd7 39. Rc2 Bd5 40. Nc1 Rf4+ 41. Rcf2 Be4 42. Ne2 Rxf5 43. Rxf5 Bxf5 44. Bf2 Nf6 45. Rh6 Rg6 46. Rh8 Bd3 47. Ke1 Ne4 48. Ra8 Bxe2 49. Ra7+ Ke6 50. Kxe2 Rg2 51. Kf3 Rxf2+ 52. Kxe4 Rxb2 53. Rxa6 Rb3 54. Rb6 Rh3 55. Ra6 Rh4+ 56. Kd3 Ra4 57. Rb6 Rxa3+ 0-1


[Site "https://www.chess.com"]

[Event "Titled Tuesday Blitz May 24 Late 2022"]
[White "Dobre, Claudiu-Cristian"]
[Black "Sanchez, Robert"]
[WhiteFideId "1211854"]
[BlackFideId "2034360"]
[WhiteElo "2207"]
[BlackElo "2268"]
[Result "1-0"]
[Round "02"]
[TimeControl "180+1"]
[Date "2022.05.25"]
[WhiteClock "0:02:31"]
[BlackClock "0:02:06"]

1. c4 c6 2. Nf3 Nf6 3. g3 d5 4. b3 Bg4 5. Bg2 e6 6. O-O Nbd7 7. Bb2 Be7 8. d3 O-O 9. Nbd2 Re8 10. Qc2 Rc8 11. e4 dxe4 12. dxe4 Nc5 13. Ne5 Be2 14. Rfe1 Bd3 15. Qc3 a5 16. Re3 b5 17. Nxd3 b4 18. Qc2 1-0


[Site "https://www.chess.com"]